 Dungeon Crawl Stone Soup version 0.31-a0-960-g0fca184906 (webtiles) character file.

Game seed: 9455688540255696176

3670 Dirtsage the Martial Artist (level 10, -4/68 HPs)
             Began as an Octopode Shapeshifter on Oct 22, 2023.
             Was a Believer of Wu Jian.
             Slain by a yak (12 damage)
             ... on level 8 of the Dungeon.
             The game lasted 00:13:21 (7312 turns).

Dirtsage the Martial Artist (Octopode Shapeshifter) Turns: 7312, Time: 00:13:22

Health: -4/68      AC:  1    Str: 13    XL:     10   Next: 12%
Magic:  10/10      EV: 23    Int: 14    God:    Wu Jian [**....]
Gold:   1005       SH:  4    Dex: 15    Spells: 9/9 levels left

rFire   + .          .
                       - Unarmed
rCold   . . .        D - +0 buckler
rNeg    + . .        (helmet currently unavailable)
rPois   +            (no amulet)
rElec   .            g - +5 ring of evasion
rCorr   .            j - +5 ring of evasion
SInv    .            N - ring of positive energy
Will    ++...        r - ring of willpower
Stlth   ++++         F - ring of protection from fire
HPRegen 0.31/turn    P - ring of poison resistance
MPRegen 0.12/turn    v - ring of willpower
                     (no ring)

%: no passive effects
@: beast-form
A: beast (slay +4), almost no armour, amphibious, 8 rings, camouflage 1,
gelatinous body 1, (nimble swimmer 1), tentacles
a: Begin Untransformation, Renounce Religion, Wall Jump


You were on level 8 of the Dungeon.
You worshipped Wu Jian.
Wu Jian was pleased with you.
You were a hulking beast.
You visited 2 branches of the dungeon, and saw 9 of its levels.
You also visited: Bailey.

You collected 1205 gold pieces.
You spent 200 gold pieces at shops.

Inventory:

Armour
 D - a +0 buckler (worn)
Magical Staves
 d - a staff of cold
Jewellery
 g - a +5 ring of evasion (left tentacle)
 j - a +5 ring of evasion (right tentacle)
 r - a ring of willpower (on tentacle)
 v - a ring of willpower (on tentacle)
 F - a ring of protection from fire (on tentacle)
 N - a ring of positive energy (on tentacle)
 P - a ring of poison resistance (on tentacle)
Talismans
 b - a beast talisman
 c - a flux talisman
Wands
 a - a wand of mindburst (17)
 y - a wand of charming (10)
 H - a wand of roots (6)
Scrolls
 f - a scroll of acquirement {unknown}
 h - 2 scrolls of poison
 m - 2 scrolls of blinking {unknown}
 s - a scroll of fog
 t - 3 scrolls of teleportation
 u - 2 scrolls of noise {unknown}
 w - a scroll of revelation
 x - a scroll of immolation {unknown}
 B - a scroll of vulnerability
 I - a scroll of enchant armour {unknown}
Potions
 e - 3 potions of mutation
 k - 8 potions of enlightenment
 l - a potion of heal wounds
 n - 2 potions of ambrosia
 o - 4 potions of attraction
 p - a potion of berserk rage
 q - 8 potions of curing
 z - a potion of resistance {unknown}
 A - a potion of cancellation {unknown}
 C - 2 potions of might {unknown}
 E - a potion of lignification
 G - a potion of haste {unknown}
Miscellaneous
 i - a phantom mirror


   Skills:
 + Level 6.1 Fighting
 - Level 2.0 Dodging
 + Level 3.8 Stealth
 * Level 9.4 Unarmed Combat
 * Level 8.7 Shapeshifting


You had 9 spell levels left.
You didn't know any spells.
Your spell library contained the following spells:

 Spells                   Type           Power      Damage    Failure   Level
 Freeze                   Ice            0%         1d3       38%         1
 Magic Dart               Conj           0%         1d3       38%         1
 Call Imp                 Summ           0%         N/A       52%         2
 Call Canine Familiar     Summ           0%         N/A       77%         3
 Frozen Ramparts          Ice            0%         1d1       77%         3
 Hailstorm                Conj/Ice       0%         3d3       77%         3
 Inner Flame              Hex/Fire       0%         N/A       77%         3
 Mephitic Cloud           Conj/Pois/Air  0%         N/A       77%         3
 Sigil of Binding         Hex            0%         N/A       77%         3
 Dimensional Bullseye     Hex/Tloc       0%         N/A       99%         4
 Flame Wave               Conj/Fire      0%         2d4       99%         4
 Leda's Liquefaction      Hex/Erth       0%         N/A       99%         4
 Sticky Flame             Conj/Fire      0%         2d3       99%         4
 Summon Forest            Summ/Tloc      0%         N/A       100%        5
 Eringya's Noxious Bog    Tmut/Pois      0%         4d6       100%        6
 Summon Hydra             Summ           0%         N/A       100%        7


Dungeon Overview and Level Annotations

Branches:
Dungeon (8/15)             Temple (1/1) D:5          Bailey (visited)
   Lair: D:8-11

Altars:
Ashenzari
Cheibriados
Dithmenos
Fedhas
Gozag
Hepliaklqana
Kikubaaqudgha
Makhleb
Nemelex Xobeh
Okawaru
Qazlal
Ru
Trog
Uskayaw
Vehumet
Wu Jian
Xom
Yredelemnul
Zin
The Shining One

Shops:
D:6 !(

Annotations:
D:4 2 transporters, lastchild's ghost, amateur OpSh


Innate Abilities, Weirdness & Mutations

You are a hulking beast.
Your limbs bulge with bestial killing power. (Slay +4)
You cannot wear most types of armour.
You are amphibious.
You can wear up to eight rings at the same time.
Your skin changes colour to match your surroundings (Stealth+).
Your rubbery body absorbs attacks. (AC +1, EV +1)
((You are camouflaged when in or above water. (Stealth+)))
You have tentacles for arms and can constrict up to eight enemies at once.


Message History

The yak closely misses you.
You bludgeon the yak!
You kill the yak!
The Council accepts your kill.
You barely miss the yak. The yak misses you.
You bludgeon the yak!
The yak is moderately wounded.
The yak gores you!
* * * LOW HITPOINT WARNING * * *
You take 11 damage, and have 20/68 hp.
You tentacle-slap the yak.
The yak is heavily wounded.
The yak misses you.
You tentacle-slap the yak but do no damage.
The yak is heavily wounded.
The yak completely misses you.
You bludgeon the yak! You squeeze the yak, but do no damage.
The yak is severely wounded.
The yak completely misses you.
You tentacle-slap the yak. You squeeze the yak.
You kill the yak!
The Council accepts your kill.
You closely miss the yak. You squeeze the yak.
The yak is lightly wounded.
The yak misses you.
You bludgeon the yak!
The yak is moderately wounded.
The yak closely misses you.
You tentacle-slap the yak.
The yak is moderately wounded.
The yak gores you!
* * * LOW HITPOINT WARNING * * *
You take 15 damage, and have 7/68 hp.
MASSIVE DAMAGE!!
You bludgeon the yak!
The yak is heavily wounded.
You block the yak's attack.
You tentacle-slap the yak.
The yak is heavily wounded.
The yak gores you!
You die...

####### ## .....##..##
##......... #..<.# ###
#..######8##
#..####....##
#.>..hY.....###
##)####......8# ##)##
###.....## #)..#
#8.....#### ## #...#
###.....#8###8 #...###
##......))). #.....#
#⌠.....).). #...###
##..........
#...#######.....#8###8


You could see a yak.

Vanquished Creatures
  A hornet (D:7)
  4 yaks (D:8)
  2 steam dragons
  A water moccasin (D:6)
  5 orc warriors
  2 sky beasts
  2 black bears (D:6)
  2 ogres
  A centaur (D:6)
  A phantom (D:5)
  A kobold brigand (D:5)
  3 scorpions
  5 wights (D:7)
  A killer bee (D:6)
  3 howler monkeys
  3 hounds
  A jelly (D:6)
  3 gnoll boudas
  2 iguanas (D:5)
  A sleepcap (D:6)
  2 orc wizards
  16 gnolls
  8 adders
  2 white imps
  A worm (D:4)
  6 dart slugs
  19 orcs
  9 ball pythons
  6 endoplasms
  A giant cockroach (D:2)
  13 goblins
  10 hobgoblins
  22 kobolds
  3 quokkas
  6 bats
  A frilled lizard (D:1)
  4 rats
173 creatures vanquished.

Notes
Turn   | Place    | Note
-------+----------+-------------------------------------------
     0 | D:1      | Dirtsage the Octopode Shapeshifter began the quest for the
                  | Orb.
     0 | D:1      | Reached XP level 1. HP: 13/13 MP: 1/1
   214 | D:1      | Reached XP level 2. HP: 16/18 MP: 2/2
   418 | D:1      | Reached XP level 3. HP: 23/23 MP: 3/3
  2057 | D:3      | Found a faded altar of an unknown god.
  2079 | D:3      | Reached XP level 4. HP: 29/29 MP: 4/4
  2379 | D:4      | Identified the "Ifuj"
  2379 | D:4      | Noticed an ogre
  2379 | D:4      | Found a transporter.
  2379 | D:4      | Found a transporter.
  2409 | D:4      | Noticed a sky beast
  2428 | D:4      | Killed a sky beast
  2429 | D:4      | Reached skill level 4 in Unarmed Combat
  2429 | D:4      | Reached XP level 5. HP: 24/34 MP: 5/5
  2530 | D:4      | Killed an ogre
  2531 | D:4      | Reached XP level 6. HP: 41/41 MP: 6/6
  2594 | D:4      | Noticed lastchild's ghost (amateur OpSh)
  2718 | D:4      | Noticed a small abomination
  2947 | D:4      | Found a sparkling altar of Nemelex Xobeh.
  3348 | D:5      | Entered Level 5 of the Dungeon
  3390 | D:5      | Noticed a steam dragon
  3408 | D:5      | Reached skill level 5 in Unarmed Combat
  3413 | D:5      | Killed a steam dragon
  3414 | D:5      | Reached skill level 5 in Shapeshifting
  3414 | D:5      | Reached XP level 7. HP: 14/46 MP: 7/7
  3600 | D:5      | Found a staircase to the Ecumenical Temple.
  3627 | Temple   | Entered the Ecumenical Temple
  3649 | Temple   | Became a worshipper of the Wu Jian Council
  3705 | D:5      | Reached skill level 6 in Unarmed Combat
  3979 | D:5      | Reached XP level 8. HP: 49/54 MP: 8/8
  4078 | D:6      | Found Itecuheo's Weapon Emporium.
  4451 | D:6      | Reached skill level 7 in Unarmed Combat
  4752 | D:6      | Found Nicvimixu's Distillery.
  4764 | D:6      | Bought a potion of curing for 30 gold pieces
  4764 | D:6      | Bought a potion of heal wounds for 50 gold pieces
  4764 | D:6      | Bought a potion of curing for 30 gold pieces
  4764 | D:6      | Bought a potion of curing for 30 gold pieces
  4764 | D:6      | Bought 2 potions of curing for 60 gold pieces
  5292 | D:6      | Reached XP level 9. HP: 53/60 MP: 9/9
  5417 | D:7      | Noticed a hornet
  5454 | D:7      | Paralysed by a hornet for 1 turns
  5457 | D:7      | Killed a hornet
  5458 | D:7      | Reached skill level 5 in Fighting
  5458 | D:7      | Reached skill level 8 in Unarmed Combat
  5458 | D:7      | Reached * piety under Wu Jian
  5911 | D:7      | Found a flagged portal.
  5924 | Bailey   | Entered a bailey
  6133 | Bailey   | Reached ** piety under Wu Jian
  6138 | Bailey   | Reached skill level 1 in Stealth
  6583 | D:7      | Found a sacrificial altar of Ru.
  7008 | D:8      | Identified the of Feixkug
  7008 | D:8      | Identified the "Mowk"
  7028 | D:8      | Reached skill level 9 in Unarmed Combat
  7295 | D:8      | Reached XP level 10. HP: 52/68 MP: 10/10
  7312 | D:8      | Slain by a yak

Illustrated notes

Levels and vault maps discovered:
D:1:      dpeg_arrival_circle_labyrinth_c, layout_basic, st_stairs_8
D:2:      layout_loops_ring, grunt_ministairs_11
D:3:      layout_loops_ring, shapermc_ecumenical_altar_notcrosses
D:4:      layout_cave_pods, nemelex_dance_club_becter,
          gammafunk_ghost_abyssal_escape
D:5:      layout_basic, minmay_temple_entry_wispy
D:6:      kennysheep_spiral_hall, layout_loops_ring, serial_shops, shop,
          nicolae_shop_bloodbath_and_beyond, feat_on_display
D:7:      layout_rooms, mainiacjoe_overflow_brackets, enter_bailey_4,
          st_stairs_1, moated_statue
D:8:      layout_rooms, lemuel_blue_sif_altar, david_lair_generic,
          serial_corexii_hall, corexii_hall_statues_i,
          chequers_hall_statues_wall_a, corexii_hall_statues_i,
          chequers_hall_statues_y, corexii_hall_statues_t,
          chequers_hall_statues_corner_a
Temple:   nicolae_temple_bog_church

Skill      XL: |  1  2  3  4  5  6  7  8  9 |
---------------+----------------------------+-----
Fighting       | 2 3 4 6 |  6.1
Unarmed Combat | 4 5 6 7 9 |  9.4
Shapeshifting  | 4 5 6 7 8 |  8.7
Stealth        | 3 |  3.8
Dodging        | |  2.0

Action                     |  1- 3 |  4- 6 |  7- 9 | 10-12 || total
---------------------------+-------+-------+-------+-------++-------
  Melee: Unarmed           |    78 |    73 |   258 |    18 ||   427
         Constrict         |    17 |     7 |    71 |       ||    95
         Tentacles         |    10 |     7 |    59 |     5 ||    81
         Punch             |     1 |     1 |    26 |     2 ||    30
  Throw: Dart              |       |       |     1 |       ||     1
Ability: Lunge             |       |       |    26 |       ||    26
         Whirlwind         |       |       |    30 |       ||    30
  Evoke: Wand              |       |     1 |       |       ||     1
    Use: Scroll            |     5 |     2 |     2 |       ||     9
         Potion            |       |     2 |       |       ||     2
   Stab: Sleeping          |     7 |     2 |     4 |       ||    13
         Distracted        |       |       |     2 |       ||     2
 Armour: Skin              |    19 |    32 |    70 |     5 ||   126
  Dodge: Dodged            |    41 |    39 |   172 |    10 ||   262
  Block: Buckler           |       |       |    22 |     1 ||    23

Table legend: (Time is in decaauts)
 A = Elapsed time spent in this place.
 B = Non-inter-level travel time spent in this place.
 C = Inter-level travel time spent in this place.
 D = Time resting spent in this place.
 E = Time spent auto-exploring this place.
 F = Levels seen in this place.
 G = Mean time per level.
                   A        B        C        D        E       F      G
               +--------+--------+--------+--------+--------+-----+--------+
         Total |   7287 |   6840 |    447 |    876 |   4682 |  10 |  728.7 |
       Dungeon |   6767 |   6336 |    431 |    778 |   4492 |   8 |  845.9 |
        Temple |     39 |     23 |     16 |      0 |      0 |   1 |   39.0 |
        Bailey |    480 |    480 |      0 |     98 |    190 |   1 |  480.0 |
               +--------+--------+--------+--------+--------+-----+--------+

Top non-repeatable levels by time:
     D:6: 1605 daAuts
     D:4: 950 daAuts
     D:1: 927 daAuts
     D:3: 808 daAuts
     D:5: 782 daAuts
     D:7: 738 daAuts
     D:2: 657 daAuts
  Bailey: 480 daAuts
     D:8: 298 daAuts
  Temple: 39 daAuts
